 Dungeon Crawl Stone Soup version 0.23.2-33-g5129a83184 (console) character file.

Game seed: 3610267171321177424

103 FlyingSalmon the Poker (level 4, 0/34 HPs)
             Began as a Merfolk Gladiator on July 25, 2019.
             Succumbed to an orc priest's poison
             ... on level 2 of the Dungeon.
             The game lasted 00:05:50 (1363 turns).

FlyingSalmon the Poker (Merfolk Gladiator)          Turns: 1363, Time: 00:05:51

Health: 0/34       AC:  4    Str: 15    XL:     4   Next: 79%
Magic:  4/4        EV: 14    Int:  7    God:
Gold:   107        SH:  0    Dex: 15    Spells: 3/3 levels left

rFire    . . .     SeeInvis .   a - +0 trident
rCold    . . .     Gourm    .   (no shield)
rNeg     . . .     Faith    .   b - +0 leather armour
rPois    .         Spirit   .   c - +0 helmet
rElec    .         Reflect  .   (no cloak)
rCorr    .         Harm     .   (no gloves)
MR       .....                  (no boots)
Stlth    +.........             (no amulet)
HPRegen  0.11/turn              (no ring)
MPRegen  0.09/turn              (no ring)

@: lethally poisoned (0 -> -14)
A: change form in water, swift swim, stealthy swim
a: no special abilities


You were on level 2 of the Dungeon.
You were not hungry.

You visited 1 branch of the dungeon, and saw 2 of its levels.

You collected 107 gold pieces.

Inventory:

Hand Weapons
 a - a +0 trident (weapon)
Missiles
 d - 2 throwing nets
 k - 20 stones (quivered)
 o - 4 tomahawks
Armour
 b - a +0 leather armour (worn)
 c - a +0 helmet (worn)
Scrolls
 e - 3 scrolls of identify
 h - 2 scrolls of teleportation
 i - a scroll of remove curse
 l - a scroll of random uselessness {unknown}
 n - a scroll of enchant weapon {unknown}
Potions
 j - a potion of degeneration
 m - a potion of mutation
Comestibles
 f - 7 rations
 g - 7 chunks of flesh


   Skills:
 + Level 2.5 Fighting
 * Level 6.7 Polearms
 - Level 2.0 Throwing
 + Level 0.4 Armour
 + Level 4.9 Dodging


You had 3 spell levels left.
You didn't know any spells.
Your spell library was empty.

Dungeon Overview and Level Annotations

Branches:
Dungeon (2/15)

Altars:


Message History

Throwing (i - inventory. (/) - cycle)
k - 23 stones (quivered)
Press: ? - help, Shift-Dir - straight line, f/p - orc
Aim: an orc, wielding a +0 trident and wearing a +0 robe You throw a stone.
The stone hits the orc.
The orc is moderately wounded.
* * * LOW HITPOINT WARNING * * *
You feel sick.
Sorry, you're not good enough to have a special ability.
Throwing (i - inventory. (/) - cycle)
k - 22 stones (quivered)
Press: ? - help, Shift-Dir - straight line, f/p - orc
Aim: an orc, wielding a +0 trident and wearing a +0 robe (moderately wounded)
You throw a stone. The stone closely misses the orc.
* * * LOW HITPOINT WARNING * * *
You feel sick.
Throwing (i - inventory. (/) - cycle)
k - 21 stones (quivered)
Press: ? - help, Shift-Dir - straight line, f/p - orc
Aim: an orc, wielding a +0 trident and wearing a +0 robe (moderately wounded)
You throw a stone. The stone hits the orc.
The orc is moderately wounded.
You die...

...####.. #........#
##. #........# ## ###
## #........#
#8###8###8 #........#
#........
........####........
#[.%.....##..######
#.....# #8..#.....
#.@[..# ##..#.####
##....# #.÷#.## #o...#
##.....#
..#....####8..#).# #
....(......##...÷.###
...#.(.........)..)..
..8.#...............##
... #(#.............##
.# #.............#..##


You could see an orc.

Vanquished Creatures
  An orc priest (D:2)
  2 adders (D:2)
  A worm (D:1)
  2 dart slugs
  3 leopard geckos
  2 orcs (D:1)
  A giant cockroach (D:1)
  4 goblins
  2 hobgoblins (D:2)
  5 jackals
  A ball python (D:2)
  6 bats
  4 frilled lizards (D:2)
  6 kobolds
  4 rats
44 creatures vanquished.

Notes
Turn   | Place    | Note
-------+----------+-------------------------------------------
     0 | D:1      | FlyingSalmon the Merfolk Gladiator began the quest for the
                  | Orb.
     0 | D:1      | Reached XP level 1. HP: 16/16 MP: 1/1
   231 | D:1      | Reached XP level 2. HP: 22/22 MP: 2/2
   641 | D:2      | Reached skill level 5 in Polearms
   860 | D:1      | Reached XP level 3. HP: 23/27 MP: 3/3
  1203 | D:2      | Reached skill level 6 in Polearms
  1203 | D:2      | Reached XP level 4. HP: 28/34 MP: 4/4
  1362 | D:2      | HP: 1/34 [poisoned by an orc priest]
  1363 | D:2      | Succumbed to an orc priest's poison

Skill      XL: |  1  2  3 |
---------------+----------+-----
Polearms       | 5 6 |  6.7
Fighting       | |  2.5
Throwing       | |  2.0
Armour         | |  0.4
Dodging        | |  4.9

Action                   |  1- 3 |  4- 6 || total
-------------------------+-------+-------++-------
Melee: Trident           |   111 |    24 ||   135
Throw: Throwing net      |     1 |       ||     1
       Stone             |     6 |     4 ||    10
  Use: Scroll            |     3 |     1 ||     4
 Stab: Distracted        |     1 |       ||     1
  Eat: Chunk             |     1 |     1 ||     2
Armor: Leather armour    |    32 |     5 ||    37
Dodge: Dodged            |    71 |    19 ||    90
